 Zot Defence DCSS version 0.15.2 (webtiles) character file.

758 LORDOFBUTT the Skirmisher (level 7, 0/1 (64) HPs)
             Began as a Minotaur Berserker on Nov 16, 2016.
             Was a Believer of Trog.
             Rotted away (Sigmund)
             ... in the Realm of Zot (Scenario I: Hall of Zot).
             The game lasted 00:04:55 (978 turns).

LORDOFBUTT the Skirmisher (Minotaur Berserker)       Turns: 978, Time: 00:04:56

HP   0/1 (64)    AC  2     Str 24      XL: 7   Next: 50%
MP   3/3         EV 13     Int  4      God: Trog [**....]
Gold 0           SH  0     Dex  9      Spells:  0 memorised,  6 levels left

rFire  . . .     SeeInvis .     a - +0 hand axe
rCold  . . .     Clarity  .     b - +0 animal skin
rNeg   . . .     rCorr    .     (no shield)
rPois  .         rRot     .     (helmet restricted)
rElec  .         Spirit   .     (no cloak)
SustAb .         Warding  .     (no gloves)
rMut   .         Stasis   .     (no boots)
Gourm  .                        (no amulet)
MR     .....                    (no ring)
                                (no ring)

@: not resistant to hostile enchantments, very unstealthy
A: retaliatory headbutt, horns 2
a: Make oklob sapling, Make arrow trap, Make plant, Remove Curse, Make burning
bush, Make altar, Make grenades, Make oklob plant, Burn Spellbooks, Berserk,
Trog's Hand, Renounce Religion


You were in the Realm of Zot.
You worshipped Trog.
Trog was pleased with you.
You were not hungry.

You visited 1 branch

Inventory:

Hand weapons
 a - a +0 hand axe (weapon)
Armour
 b - a +0 animal skin (worn)
Comestibles
 d - a bread ration
Scrolls
 i - a scroll of blinking
Potions
 f - a potion of haste
 g - 2 potions of magic
 h - a potion of berserk rage


   Skills:
 + Level 6.6 Fighting
 + Level 6.3 Axes
 + Level 3.5 Armour
 + Level 5.7 Dodging


You had 6 spell levels left.
You didn't know any spells.

Dungeon Overview and Level Annotations

Branches:
    Zot (1/1)

Altars:

Annotations:
Zot Sigmund


Innate Abilities, Weirdness & Mutations

You reflexively headbutt those who attack you in melee.
You have a pair of horns on your head.


Message History

You feel less confused.
Your flesh rots away as the Orb of Zot is desecrated. x2
Your flesh rots away as the Orb of Zot is desecrated. x2
You miss something.
Your flesh rots away as the Orb of Zot is desecrated. x4
You miss something.
Your flesh rots away as the Orb of Zot is desecrated. x2
Your headbutt misses something.
Your flesh rots away as the Orb of Zot is desecrated. x3
You closely miss something.
Your flesh rots away as the Orb of Zot is desecrated. x2
Your headbutt misses something.
Your flesh rots away as the Orb of Zot is desecrated. x3
You closely miss something.
Your flesh rots away as the Orb of Zot is desecrated. x2
Sigmund appears from thin air!
Reactivating autopickup.
Your flesh rots away as the Orb of Zot is desecrated.
Ouch! That really hurt!
You die...

#▓∆∆▓ ▓∆∆▓# ▓▓▓▓▓▓▓▓ ▓▓▓▓▓▓▓▓
....▓▓▓▓ ▓▓▓▓.... .......▓▓▓
▓▓▓....... .........▓▓
▓▓......... ..........▓ ▓▓▓▓▓▓▓▓▓
▓..........
..........▓▓▓.P.....▓▓▓..........
..........▓▓P).%)..)P▓▓..........
..........▓.)..)@)%%.P▓..........
..........).%.))@)().%%..........
.........)▓......)....▓).........
........%.▓▓.........▓▓..........
.........l▓▓▓.......▓▓▓..........
......J...# ▓▓▓▓▓▓▓▓▓ #..........
.........## ##.........
.......### ###....... ....####
####....


You could see Sigmund, a friendly oklob plant and 3 friendly oklob saplings.

Vanquished Creatures
  An iguana (Zot)
  A gnoll (Zot)
  An adder (Zot)
  5 oozes (Zot)
  3 ball pythons (Zot)
  3 giant cockroaches (Zot)
  A goblin (Zot)
  A hobgoblin (Zot)
  A jackal (Zot)
  3 kobolds (Zot)
  5 bats (Zot)
  3 giant newts (Zot)
  4 rats (Zot)
32 creatures vanquished.

Vanquished Creatures (collateral kills)
  A yellow wasp (Zot)
  A big kobold (Zot)
  3 ogres (Zot)
  A hound (Zot)
  3 gnolls (Zot)
  A green rat (Zot)
  An orc (Zot)
  4 ball pythons (Zot)
  3 giant cockroaches (Zot)
  10 goblins (Zot)
  5 hobgoblins (Zot)
  3 jackals (Zot)
  A bat (Zot)
  5 giant geckos (Zot)
  5 giant newts (Zot)
  12 kobolds (Zot)
  2 rats (Zot)
61 creatures vanquished.

Vanquished Creatures (others)
  3 oklob saplings (Zot)
3 creatures vanquished.

Grand Total: 96 creatures vanquished

Notes
Turn   | Place    | Note
--------------------------------------------------------------
     0 | Zot      | LORDOFBUTT, the Minotaur Berserker, began the quest for the Orb.
     0 | Zot      | Reached XP level 1. HP: 19/19 MP: 1/1
   207 | Zot      | Reached XP level 2. HP: 25/27 MP: 1/1
   242 | Zot      | Noticed Kitt
   249 | Zot      | Reached skill level 4 in Fighting
   254 | Zot      | HP: 1/27 [Kitt the iguana (7)]
   258 | Zot      | Killed Kitt the iguana
   258 | Zot      | Reached XP level 3. HP: 19/34 MP: 2/2
   258 | Zot      | Reached XP level 4. HP: 22/41 MP: 2/2
   442 | Zot      | Reached XP level 5. HP: 44/47 MP: 2/2
   535 | Zot      | Reached skill level 5 in Fighting
   554 | Zot      | Reached skill level 5 in Axes
   698 | Zot      | Reached XP level 6. HP: 56/56 MP: 3/3
   716 | Zot      | Acquired Trog's second power
   748 | Zot      | Reached skill level 6 in Fighting
   820 | Zot      | Reached skill level 5 in Dodging
   820 | Zot      | Reached XP level 7. HP: 29/29 MP: 3/3
   941 | Zot      | Noticed Sigmund
   978 | Zot      | Rotted away (Sigmund)

Action                   |  1- 3 |  4- 6 |  7- 9 || total
-------------------------+-------+-------+-------++-------
Melee: Hand axe          |    23 |    29 |     6 ||    58
Invok: Berserk           |       |     1 |       ||     1
 Abil: Make oklob saplin |       |     4 |     2 ||     6
       Make oklob plant  |       |       |     1 ||     1
  Use: Potion            |     1 |     3 |       ||     4
